 Dungeon Crawl Stone Soup version 0.24-a0-378-g94936e539c (webtiles) character file.

Game seed: 8651362295114667975

131 Peloso the Shield-Bearer (level 4, -1/41 HPs)
             Began as a Minotaur Fighter on June 2, 2019.
             Slain by a hippogriff (5 damage)
             ... on level 4 of the Dungeon.
             The game lasted 00:05:00 (1634 turns).

Peloso the Shield-Bearer (Minotaur Fighter)         Turns: 1634, Time: 00:05:01

Health: -1/41      AC:  9    Str: 20    XL:     4   Next: 91%
Magic:  3/3        EV:  7    Int:  5    God:
Gold:   190        SH:  9    Dex: 11    Spells: 3/3 levels left

rFire    . . .     SeeInvis .   a - +0 long sword
rCold    . . .     Gourm    .   c - +0 shield
rNeg     . . .     Faith    .   b - +0 scale mail
rPois    .         Spirit   .   (helmet restricted)
rElec    .         Reflect  .   (no cloak)
rCorr    .         Harm     .   h - +0 pair of gloves
MR       .....                  w - +0 pair of boots
Stlth    ..........             (no amulet)
HPRegen  0.13/turn              (no ring)
MPRegen  0.08/turn              (no ring)

@: no status effects
A: retaliatory headbutt, horns 2
a: no special abilities


You were on level 4 of the Dungeon.
You were not hungry.

You visited 1 branch of the dungeon, and saw 4 of its levels.

You collected 190 gold pieces.

Inventory:

Hand Weapons
 a - a +0 long sword (weapon)
Armour
 b - a +0 scale mail (worn)
 c - a +0 shield (worn)
 h - a +0 pair of gloves (worn)
 w - a +0 pair of boots (worn)
Scrolls
 j - 3 scrolls of teleportation {unknown}
 k - 3 scrolls of remove curse {unknown}
 l - 2 scrolls of fog {unknown}
 n - 2 scrolls of amnesia {unknown}
 s - 3 scrolls of fear {unknown}
 u - a scroll of blinking {unknown}
Potions
 d - 2 potions of might
 e - a potion of invisibility {unknown}
 g - a potion of cancellation {unknown}
 i - 2 potions of agility {unknown}
 m - a potion of lignification {unknown}
 o - a potion of ambrosia {unknown}
 p - a potion of resistance {unknown}
 q - a potion of flight {unknown}
 r - 3 potions of heal wounds {unknown}
 t - 3 potions of curing {unknown}
 v - a potion of brilliance {unknown}
Comestibles
 f - 5 rations
 x - 8 chunks of flesh


   Skills:
 + Level 4.4 Fighting
 + Level 4.0 Long Blades
 + Level 4.4 Armour
 + Level 0.7 Dodging
 + Level 4.6 Shields


You had 3 spell levels left.
You didn't know any spells.
Your spell library was empty.

Dungeon Overview and Level Annotations

Branches:
Dungeon (4/15)
 Temple: D:4-7

Altars:
Xom

Annotations:
D:3 1 runed translucent door, motoroller71's ghost, amateur HuGl


Innate Abilities, Weirdness & Mutations

You reflexively headbutt those who attack you in melee.
You have a pair of horns on your head.


Message History

The hippogriff is severely wounded.
A ball python comes into view.
The hippogriff bites you.
* * * LOW HITPOINT WARNING * * *
The hippogriff completely misses you.
The hippogriff claws you but does no damage.
The ooze hits you.
* * * LOW HITPOINT WARNING * * *
The ball python hisses angrily.
You hit the hippogriff.
The hippogriff is almost dead.
The hippogriff barely misses you. The hippogriff pecks you.
* * * LOW HITPOINT WARNING * * *
You block the hippogriff's attack. The ooze hits you but does no damage.
Unknown command.
Okay, then.
You hit the hippogriff.
The hippogriff is almost dead.
The hippogriff bites you.
You die...

.. .. #J #.
#. #. # ##.##
.#
#..J##..###
#...#.@H.S..#
#.#...#####.#
# ##... ##.#
#.# #.# #..
##


You could see a hippogriff, an ooze and a ball python.

Vanquished Creatures
  2 worker ant zombies (D:3)
  3 adders
  2 worms (D:2)
  A dart slug (D:2)
  3 leopard geckos
  7 orcs
  2 giant cockroaches
  6 goblins
  9 hobgoblins
  3 jackals (D:2)
  6 kobolds
  A quokka (D:3)
  A ball python (D:2)
  7 bats
  A frilled lizard (D:2)
  A giant cockroach zombie (D:3)
  2 jackal skeletons (D:3)
  A leopard gecko skeleton (D:3)
  6 rats
64 creatures vanquished.

Vanquished Creatures (others)
  A withered plant (D:3)
1 creature vanquished.

Grand Total: 65 creatures vanquished

Notes
Turn   | Place    | Note
-------+----------+-------------------------------------------
     0 | D:1      | Peloso the Minotaur Fighter began the quest for the Orb.
     0 | D:1      | Reached XP level 1. HP: 19/19 MP: 0/0
   227 | D:1      | Reached XP level 2. HP: 26/27 MP: 1/1
   649 | D:2      | Reached XP level 3. HP: 33/33 MP: 2/2
   759 | D:2      | Reached XP level 4. HP: 36/40 MP: 3/3
   899 | D:2      | Found a shimmering altar of Xom.
  1252 | D:3      | Found a runed translucent door.
  1255 | D:3      | Noticed motoroller71's ghost (amateur HuGl)
  1599 | D:4      | Noticed a hippogriff
  1634 | D:4      | Slain by a hippogriff

Levels and vault maps discovered:
D:1:      shiori_arrival_oz, layout_loops_cross
D:2:      layout_basic, tgw_xom, chequers_serial_rivers_room_b
D:3:      layout_rooms, serial_undead, serial_undead_f, serial_undead_c,
          serial_undead_a, serial_undead_b, first_ration, gammafunk_ghost_grave,
          small_statue_intersection
D:4:      layout_loops_ring, cheibrodos_sewer_entry_sluice, uniq_natasha

Skill      XL: |  1  2  3  4 |
---------------+-------------+-----
Armour         | 4 |  4.4
Fighting       | 4 |  4.4
Shields        | 4 |  4.6
Long Blades    | 3 4 |  4.0
Dodging        | |  0.7

Action                   |  1- 3 |  4- 6 || total
-------------------------+-------+-------++-------
Melee: Long sword        |    94 |    73 ||   167
       Headbutt          |    13 |    10 ||    23
  Eat: Chunk             |       |     3 ||     3
Armor: Scale mail        |    37 |    33 ||    70
Dodge: Dodged            |    34 |    24 ||    58
Block: Shield            |    66 |    43 ||   109
       Rpst.: Long sword |    11 |     6 ||    17

Table legend:
 A = Non-vault XP
 B = Vault XP
 C = Vault XP percentage of total XP
 D = Non-vault monster count
 E = Vault monster count
 F = Vault count percentage of total count
                 A         B        C        D         E       F
            +---------+---------+-------+---------+---------+-------
      Total |     150 |      38 |  20.2 |      56 |       8 |  12.5
            +---------+---------+-------+---------+---------+-------
        D:1 |      22 |       4 |  15.4 |      14 |       2 |  12.5
        D:2 |      78 |       0 |   0.0 |      25 |       0 |   0.0
        D:3 |      50 |      34 |  40.5 |      17 |       6 |  26.1
            +---------+---------+-------+---------+---------+-------
